 Seeded DCSS version 0.30-a0-870-gc5d4c5acee (webtiles) character file.

Game seed: 1296630208291270754 (custom seed)

2 Mickster the Magician (level 1, -1/12 HPs)
             Began as a Deep Elf Wanderer on Mar 11, 2023.
             Succumbed to a kobold's poison
             ... on level 1 of the Dungeon.
             The game lasted 00:03:15 (63 turns).

Mickster the Magician (Deep Elf Wanderer)             Turns: 63, Time: 00:03:16

Health: -1/12      AC:  3    Str:  7    XL:     1   Next: 33%
Magic:  8/8        EV: 12    Int: 18    God:
Gold:   12         SH:  0    Dex: 14    Spells: 7/9 levels left

rFire   . . .      SeeInvis .    a - +0 dagger
rCold   . . .      Faith    .    (no shield)
rNeg    . . .      Spirit   .    c - +0 robe
rPois   .          Reflect  .    (no helmet)
rElec   .          Rampage  .    d - +0 cloak
rCorr   .                        (no gloves)
Will    .....                    (no boots)
Stlth   +                        (no amulet)
HPRegen 0.22/turn                (no ring)
MPRegen 0.11/turn                (no ring)

@: lethally poisoned (-1 -> -23)
A: no striking features
a: no special abilities


You were on level 1 of the Dungeon.
You visited 1 branch of the dungeon, and saw 1 of its levels.

You collected 12 gold pieces.

Inventory:

Hand Weapons
 a - a +0 dagger (weapon)
Armour
 c - a +0 robe (worn)
 d - a +0 cloak (worn)
Potions
 b - a potion of invisibility


   Skills:
 + Level 1.0 Fighting
 + Level 2.4 Dodging
 + Level 4.5 Spellcasting
 + Level 4.4 Transmutations


You had 7 spell levels left.
You knew the following spells:

 Your Spells              Type           Power      Damage    Failure   Level
a - Sting                 Tmut/Pois      48%        1d5       5%          1
b - Beastly Appendage     Tmut           40%        N/A       2%          1

Your spell library contained the following spells:

 Spells                   Type           Power      Damage    Failure   Level
 Sandblast                Erth           8%         2d5       14%         1
 Stone Arrow              Conj/Erth      8%         3d7       38%         3
 Petrify                  Tmut/Erth      12%        N/A       50%         4


Dungeon Overview and Level Annotations

Branches:
Dungeon (1/15)

Altars:


Message History

[Y]es or [N]o only, please.
Really attack while wielding nothing? [Y]es or [N]o only, please.
Really attack while wielding nothing?
Okay, then.
a - a +0 dagger (weapon)
You hit the ball python. Your kick misses the ball python.
The ball python is moderately wounded.
The ball python barely misses you. The ball python closely misses you.
The ball python bites you. The ball python grabs you.
The ball python constricts you.
You hit the ball python but do no damage.
You claw the ball python.
You kill the ball python!
You see here a ball python corpse.
You see here a +0 dagger.
You open the door.
Your transformation is almost over.
There is an open door here.
Found 12 gold pieces.
Found a fizzy dark potion.
Your horns disappear.
Your talons disappear.
You now have 12 gold pieces.
A kobold comes into view. It is wielding a +1 dagger of venom.
Found 3 stones.
The kobold shouts!
The kobold completely misses you.
You see here a fizzy dark potion.
You hit the kobold.
The kobold is moderately wounded.
The kobold hits you with a +1 dagger of venom.
You are lethally poisoned!
You barely miss the kobold.
The kobold is moderately wounded.
You feel very sick.
The kobold hits you with a +1 dagger of venom.
You are more poisoned.
You hit the kobold but do no damage.
The kobold is moderately wounded.
You die...

####### #....(#
.. #.....# ..
#.....#..#
#...K.#..#
#...@.#..##
#.........#
#.........#
##.........####
+..............
###............
#............
+.....#.#.....
#.....#.#...P♣


You could see a kobold.

Vanquished Creatures
  A kobold (D:1)
  A ball python (D:1)
  A rat (D:1)
3 creatures vanquished.

Notes
Turn   | Place    | Note
-------+----------+-------------------------------------------
     0 | D:1      | Mickster the Deep Elf Wanderer began the quest for the Orb.
     0 | D:1      | Mickster set off with the following items: a +0 dagger, a
                  | potion of invisibility, a +0 robe, a +0 cloak; and the
                  | following spells available to memorise: Beastly Appendage,
                  | Sting, Sandblast, Stone Arrow, Petrify.
     0 | D:1      | Reached XP level 1. HP: 12/12 MP: 7/7
     2 | D:1      | Learned a level 1 spell: Sting
    26 | D:1      | Learned a level 1 spell: Beastly Appendage
    63 | D:1      | Succumbed to a kobold's poison

Illustrated notes

Levels and vault maps discovered:
D:1:      lightli_arrival_lavapool, layout_basic, serial_shops, shop,
          serial_forest, infiniplex_forest_clump_medium,
          infiniplex_forest_straight_1, infiniplex_forest_clump_small,
          infiniplex_forest_clump_tiny, infiniplex_forest_clump_diagonal,
          infiniplex_forest_straight_2

Action                     || total
---------------------------++-------
  Melee: Dagger            ||     7
         Kick              ||     1
   Cast: Beastly Appendage ||     2
         Sting             ||     1
 Armour: Robe              ||     1
  Dodge: Dodged            ||     7

Table legend: (Time is in decaauts)
 A = Elapsed time spent in this place.
 B = Non-inter-level travel time spent in this place.
 C = Inter-level travel time spent in this place.
 D = Time resting spent in this place.
 E = Time spent auto-exploring this place.
 F = Levels seen in this place.
 G = Mean time per level.
                   A        B        C        D        E       F      G
               +--------+--------+--------+--------+--------+-----+--------+
         Total |     61 |     61 |      0 |      0 |      0 |   1 |   61.0 |
       Dungeon |     61 |     61 |      0 |      0 |      0 |   1 |   61.0 |
               +--------+--------+--------+--------+--------+-----+--------+

Top non-repeatable levels by time:
     D:1: 61 daAuts
